AoeStats
← Gustavson

Black Forest

503276335Analyzed
4v4 RM · 1mo ago on Aug 30, 2026· 77m 53s· 8 players
Game mode
Random Map
Map size
Large (8 player)
Population
200
Speed
Normal
Resources
Standard
Victory
Conquest
Starting age
Dark Age
Ending age
Imperial Age
RankedLock teamsTeams togetherTeam positionsShared explorationLock speedFull tech treeHidden civsTurbo modeCheats
Victory
Defeat
🇨🇱 Byzantines · Chile
761
+13
🇨🇴 Khmer · Colombia
742
+20
🇧🇷 Huns · Brazil
701
+16
🇦🇷 Chinese · Argentina
676
+17
🇦🇷 Bulgarians · Argentina
731
-17
🇦🇲 Armenians · Armenia
708
-15
🇨🇦 Japanese · Canada
701
-15
🇨🇴 Vietnamese · Colombia
675
-14
nacerus
4:57 Loom
16:56 Feudal Age
18:37 Wheelbarrow
17:48 Town Watch
18:21 Double-Bit Axe
19:48 Fishing Lines
21:18 Horse Collar
21:55 Gold Mining
24:38 Stone Mining
28:15 Castle Age
29:08 Heavy Plow
32:52 Imperial Age
31:31 Gold Shaft Mining
31:07 Caravan
31:36 Bow Saw
32:12 Fletching
32:22 Padded Archer Armor
32:24 Gillnets
33:46 Hand Cart
35:44 Bodkin Arrow
36:04 Leather Archer Armor
36:50 Fortified Wall
39:50 Chemistry
39:12 Town Patrol
44:06 Two-Man Saw
45:06 Heavy Scorpion
55:37 Squires
54:58 Pikeman
58:37 Elite Skirmisher
60:40 Elite Skirmisher
68:30 Halberdier
69:26 Forging
69:16 Scale Mail Armor
71:18 Iron Casting
70:59 Chain Mail Armor
73:28 Blast Furnace
72:59 Plate Mail Armor
76:35 Imperial Skirmisher
Ingenierofit
0:56 Loom
12:56 Feudal Age
15:58 Town Watch
19:08 Man-at-Arms
23:13 Horse Collar
23:48 Gold Mining
27:36 Castle Age
26:18 Double-Bit Axe
26:43 Stone Mining
29:49 Heavy Plow
30:02 Bow Saw
30:34 Stone Shaft Mining
30:07 Light Cavalry
30:48 Husbandry
34:10 Wheelbarrow
37:17 Hand Cart
38:07 Bloodlines
40:12 Town Patrol
42:06 Pikeman
42:47 Squires
42:32 Arson
42:08 Long Swordsman
48:09 Imperial Age
47:27 Coinage
46:58 Caravan
46:33 Elite Skirmisher
46:33 Crossbowman
47:19 Thumb Ring
47:21 Scale Mail Armor
47:32 Forging
47:12 Fletching
47:23 Padded Archer Armor
47:28 Scale Barding Armor
49:10 Chain Mail Armor
49:10 Leather Archer Armor
48:50 Bodkin Arrow
49:31 Iron Casting
49:31 Banking
49:11 Guilds
48:44 Onager
48:45 Capped Ram
49:32 Cavalier
52:05 Halberdier
58:25 Plate Mail Armor
57:49 Long Swordsman
60:13 Chemistry
59:24 Fortified Wall
59:05 Heated Shot
59:35 Ballistics
59:01 Arrowslits
59:06 Guard Tower
59:12 Murder Holes
58:57 Treadmill Crane
60:07 Imperial Skirmisher
74:31 Bombard Tower
vazgen
0:50 Loom
16:41 Feudal Age
19:51 Wheelbarrow
18:58 Horse Collar
19:11 Double-Bit Axe
19:19 Gold Mining
19:21 Stone Mining
31:59 Castle Age
30:59 Forging
30:50 Scale Mail Armor
30:50 Padded Archer Armor
30:41 Fletching
30:58 Scale Barding Armor
32:46 Caravan
33:17 Coinage
33:06 Hand Cart
32:54 Heavy Plow
33:07 Bow Saw
34:15 Gold Shaft Mining
34:50 Town Watch
37:12 Pikeman
37:52 Squires
37:38 Arson
40:02 Halberdier
40:02 Man-at-Arms
40:28 Gambesons
40:06 Crossbowman
40:58 Elite Skirmisher
41:01 Long Swordsman
41:51 Cilician Fleet
42:03 Two-Handed Swordsman
45:41 Iron Casting
45:22 Chain Mail Armor
45:22 Leather Archer Armor
45:03 Bodkin Arrow
47:42 Imperial Age
45:26 Masonry
45:37 Ballistics
45:08 Guard Tower
46:09 Town Patrol
48:05 Sappers
47:56 Elite Composite Bowman
49:11 Hoardings
48:42 Fereters
48:58 Conscription
48:07 Capped Ram
48:38 Champion
48:46 Arbalester
48:46 Imperial Skirmisher
50:30 Chemistry
49:21 Heated Shot
49:41 Fortified Wall
50:45 Blast Furnace
49:59 Onager
52:56 Siege Ram
56:51 Heavy Scorpion
orteguitafc
1:00 Loom
13:06 Feudal Age
14:11 Double-Bit Axe
24:02 Castle Age
21:58 Horse Collar
27:31 Pikeman
31:15 Murder Holes
35:50 Imperial Age
35:10 Wheelbarrow
34:22 Town Watch
35:08 Squires
34:53 Arson
34:54 Gambesons
37:14 Onager
37:57 Elite Skirmisher
40:58 Chemistry
43:13 Imperial Skirmisher
44:30 Halberdier
49:55 Heavy Scorpion
51:58 Stirrups
52:24 Conscription
52:18 Bloodlines
52:09 Husbandry
52:25 Forging
52:27 Scale Barding Armor
52:34 Heavy Scorpion
61:22 Iron Casting
61:08 Chain Barding Armor
60:49 Padded Archer Armor
67:46 Siege Onager
Gustavson
1:45 Loom
19:35 Feudal Age
21:07 Wheelbarrow
21:59 Double-Bit Axe
22:07 Horse Collar
28:57 Castle Age
28:19 Stone Mining
28:26 Gold Mining
32:05 Murder Holes
32:26 Bow Saw
32:23 Heavy Plow
34:26 Hand Cart
36:35 Ballistics
38:33 Stone Shaft Mining
38:41 Gold Shaft Mining
39:44 Tusk Swords
41:22 Fortified Wall
42:27 Fletching
43:40 Caravan
50:38 Imperial Age
50:15 Forging
50:00 Bodkin Arrow
50:12 Scale Barding Armor
53:23 Double Crossbow
52:44 Elite Ballista Elephant
54:57 Onager
56:17 Conscription
58:12 Chemistry
63:23 Iron Casting
62:49 Bracer
63:10 Chain Barding Armor
62:51 Padded Archer Armor
72:12 Blast Furnace
71:48 Plate Barding Armor
71:30 Leather Archer Armor
MacGayver
10:45 Feudal Age
11:15 Double-Bit Axe
11:12 Horse Collar
12:51 Wheelbarrow
13:45 Town Watch
20:32 Castle Age
21:18 Heavy Plow
21:30 Bow Saw
22:32 Hand Cart
22:43 Town Patrol
24:48 Bloodlines
23:59 Light Cavalry
26:45 Padded Archer Armor
26:36 Fletching
28:57 Gold Mining
28:57 Stone Mining
31:23 Gold Shaft Mining
31:25 Husbandry
34:24 Scale Barding Armor
34:30 Forging
37:32 Imperial Age
36:22 Leather Archer Armor
36:04 Bodkin Arrow
39:51 Two-Man Saw
40:05 Parthian Tactics
39:01 Heavy Cavalry Archer
39:48 Bracer
40:50 Hussar
52:08 Cavalier
53:41 Chain Barding Armor
53:21 Scale Mail Armor
53:57 Iron Casting
55:14 Caravan
56:11 Paladin
60:16 Plate Barding Armor
60:41 Blast Furnace
60:44 Masonry
60:57 Ballistics
61:41 Chemistry
ValenBernal6407
0:29 Loom
17:59 Feudal Age
19:16 Horse Collar
19:24 Double-Bit Axe
20:01 Gold Mining
20:02 Stone Mining
26:36 Castle Age
28:17 Stone Shaft Mining
29:51 Elite Skirmisher
31:02 Bow Saw
31:16 Caravan
31:48 Padded Archer Armor
31:39 Fletching
39:04 Imperial Age
37:55 Heavy Plow
38:11 Thumb Ring
39:42 Wheelbarrow
39:51 Leather Archer Armor
41:36 Hand Cart
43:59 Fishing Lines
44:37 Heavy Rocket Cart
45:54 Conscription
46:19 Ring Archer Armor
45:45 Bodkin Arrow
48:14 Two-Man Saw
46:42 Elite Chu Ko Nu
48:58 Bracer
49:33 Town Watch
51:35 Chemistry
50:56 Ballistics
50:27 Heated Shot
53:11 Bracer
54:24 Gold Shaft Mining
56:02 Murder Holes
56:18 Fortified Wall
56:19 Masonry
61:09 Scale Barding Armor
61:05 Cavalier
61:46 Husbandry
64:43 Chain Barding Armor
65:04 Town Patrol
71:16 Plate Barding Armor
fapastengames
13:58 Feudal Age
15:05 Feudal Age
21:29 Castle Age
20:09 Loom
22:03 Wheelbarrow
22:35 Forging
22:25 Scale Mail Armor
25:22 Husbandry
26:38 Double-Bit Axe
26:36 Horse Collar
26:56 Pikeman
30:12 Hand Cart
31:39 Heavy Plow
31:51 Bow Saw
37:17 Imperial Age
34:41 Gold Mining
34:41 Stone Mining
35:58 Iron Casting
35:24 Scale Mail Armor
35:29 Scale Barding Armor
36:12 Scale Barding Armor
36:10 Caravan
37:46 Squires
37:31 Arson
37:32 Gambesons
38:18 Chain Mail Armor
38:24 Chain Barding Armor
38:50 Conscription
37:57 Capped Ram
39:33 Siege Ram
39:35 Halberdier
40:25 Elite Cataphract
41:23 Logistica
42:21 Plate Barding Armor
42:17 Plate Mail Armor
46:47 Gold Shaft Mining
46:47 Stone Shaft Mining
47:13 Two-Man Saw
46:45 Crop Rotation
49:29 Heavy Camel Rider
Connection lost

Rejoining the realm…

Still unreachable

The connection could not be restored.

Session expired

The server has moved on; the page needs a fresh start.